AoeStats
← TikiTiki95

Yucatan

510518375Analyzed
2v2 RM · 1d ago on Oct 1, 2026· 46m 32s· 4 players
Game mode
Random Map
Map size
Medium (4 player)
Population
200
Speed
Normal
Resources
Standard
Victory
Conquest
Starting age
Dark Age
Ending age
Imperial Age
RankedLock teamsTeams togetherTeam positionsShared explorationLock speedFull tech treeHidden civsTurbo modeCheats
Victory
Defeat
🇦🇷 Poles · Argentina
1141
+17
🇧🇷 Lithuanians · Brazil
1138
+17
🇨🇳 Tatars · China
1173
-17
🇭🇰 Varangians · Hong Kong SAR China
1163
-17
TikiTiki95
5:17 Loom
13:15 Feudal Age
14:04 Double-Bit Axe
17:21 Castle Age
17:36 Bloodlines
17:33 Scale Barding Armor
18:50 Forging
23:05 Chain Barding Armor
24:10 Horse Collar
27:49 Heavy Plow
32:56 Imperial Age
30:45 Husbandry
32:20 Wheelbarrow
32:10 Bow Saw
33:27 Iron Casting
33:36 Hand Cart
33:08 Town Watch
34:16 Crop Rotation
33:12 Cavalier
34:15 Gold Mining
36:17 Blast Furnace
36:38 Chemistry
36:46 Lechitic Legacy
37:00 Conscription
37:22 Fletching
37:44 Masonry
38:50 Szlachta Privileges
39:05 Elite Obuch
40:13 Murder Holes
41:01 Scale Mail Armor
MedianMarrow507
8:58 Loom
10:43 Feudal Age
12:58 Double-Bit Axe
15:42 Horse Collar
17:24 Gold Mining
19:46 Wheelbarrow
22:12 Castle Age
21:32 Bloodlines
22:11 Scale Barding Armor
22:38 Forging
24:24 Chain Barding Armor
24:37 Bow Saw
28:02 Husbandry
30:08 Iron Casting
29:35 Heavy Plow
29:28 Stone Mining
31:19 Fletching
32:06 Stone Shaft Mining
32:55 Town Watch
33:25 Hand Cart
38:03 Imperial Age
36:04 Bodkin Arrow
36:31 Hand Cart
39:58 Two-Man Saw
39:37 Crop Rotation
39:47 Plate Barding Armor
39:04 Cavalier
41:59 Chemistry
41:05 Padded Archer Armor
42:32 Conscription
43:49 Leather Archer Armor
44:02 Ballistics
45:07 Ring Archer Armor
44:39 Paladin
未来最强
3:19 Loom
10:30 Feudal Age
14:44 Castle Age
12:56 Double-Bit Axe
15:48 Horse Collar
16:20 Bow Saw
16:18 Horse Collar
17:57 Wheelbarrow
21:53 Pikeman
23:28 Forging
23:19 Scale Mail Armor
25:56 Gold Mining
26:49 Stone Mining
27:50 Iron Casting
27:30 Chain Mail Armor
28:38 Hand Cart
30:02 Iron Casting
29:42 Chain Mail Armor
32:38 Imperial Age
31:01 Iron Casting
30:41 Chain Mail Armor
33:51 Squires
33:37 Gambesons
33:37 Arson
34:32 Chain Mail Armor
35:18 Blast Furnace
34:42 Conscription
34:48 Town Watch
36:19 Plate Mail Armor
36:58 Capped Ram
37:14 Elite Varangian Guard
37:41 Gothikon
40:31 Siege Ram
41:37 Fletching
村口最强
6:39 Loom
9:43 Feudal Age
24:22 Castle Age
22:33 Gold Mining
22:30 Double-Bit Axe
24:45 Fletching
25:11 Bloodlines
40:26 Horse Collar
Connection lost

Rejoining the realm…

Still unreachable

The connection could not be restored.

Session expired

The server has moved on; the page needs a fresh start.